 Dungeon Crawl Stone Soup version 0.20.0-6-gd3061e9 (webtiles) character file.

82 Iflex the Poker (level 4, -7/34 HPs)
             Began as a Merfolk Gladiator on May 28, 2017.
             Shot with an arrow by a centaur (14 damage)
             ... on level 3 of the Dungeon.
             The game lasted 00:05:07 (1715 turns).

Iflex the Poker (Merfolk Gladiator)                 Turns: 1715, Time: 00:05:08

Health: -7/34      AC:  5    Str: 14    XL:     4   Next: 43%
Magic:  4/4        EV: 14    Int:  7    God:
Gold:   188        SH:  0    Dex: 16    Spells: 3/3 levels left

rFire    . . .     SeeInvis .   a - +0 trident
rCold    . . .     Gourm    .   (no shield)
rNeg     . . .     Faith    .   b - +0 leather armour
rPois    .         Spirit   .   c - +0 helmet
rElec    .         Reflect  .   (no cloak)
rCorr    .         Harm     .   i - +0 pair of gloves
MR       .....                  (no boots)
Stlth    +.........             (no amulet)
Regen    0.2/turn               (no ring)
MPRegen  0.1/turn               v - ring of wizardry

@: very slightly contaminated, invisible
A: change form in water, swift swim, stealthy swim
a: no special abilities


You were on level 3 of the Dungeon.
You were hungry.

You visited 1 branch of the dungeon, and saw 3 of its levels.

You collected 188 gold pieces.

Inventory:

Hand Weapons
 a - a +0 trident (weapon)
Armour
 b - a +0 leather armour (worn)
 c - a +0 helmet (worn)
 i - a +0 pair of gloves (worn)
Jewellery
 v - a ring of wizardry (right hand)
Scrolls
 e - a scroll of recharging {unknown}
 l - a scroll of enchant weapon {unknown}
 m - a scroll of fear {unknown}
 o - a scroll of identify {unknown}
 p - a scroll of immolation {unknown}
 r - 2 scrolls of magic mapping {unknown}
 t - a scroll of amnesia {unknown}
Potions
 h - a potion of brilliance {unknown}
 k - a potion of degeneration {unknown}
 q - a potion of might {unknown}
 s - a potion of resistance {unknown}
Comestibles
 f - 5 bread rations
 g - a meat ration
 j - 2 royal jellies
 u - 2 fruits


   Skills:
 + Level 2.8 Fighting
 + Level 5.7 Polearms
 + Level 2.0 Throwing
 + Level 0.5 Armour
 + Level 4.9 Dodging
 + Level 0.5 Stealth


You had 3 spell levels left.
You didn't know any spells.

Dungeon Overview and Level Annotations

Branches:
Dungeon (3/15)

Altars:
Fedhas
Sif Muna
Yredelemnul


Message History

You open the door.
A spectral orc comes into view.
Found a basalt altar of Yredelemnul.
Unknown command.
A giant cockroach comes into view.
The adder misses you.
The centaur shoots an arrow.
The arrow hits you!
* * * LOW HITPOINT WARNING * * *
You see here an arrow.
You fade into invisibility!
The adder barely misses you.
You are very lightly contaminated with residual magic.
The adder closely misses you. The adder misses you.
The hobgoblin shouts!
The centaur shoots an arrow.
The arrow hits the adder.
The centaur shoots an arrow.
The arrow hits the spectral orc!
The spectral orc is destroyed!
The centaur shoots an arrow.
The arrow hits you!
You die...

###s###..#....c....#.
#.S.#.........r....
###(S#.##.#.###....
##(r..?.#.##.....
##c..#.(.....###.
#..#......##.# #.
#.##...(.###S# #.
####.##...#..##r# ##
#..@.##...#...#c#
#.#####.#.##c...####
# ...#.####..#... .g#
c< #...... ### .#
#.#.... . #......
###.... #..#. #...#


You could see a centaur, an adder and a rat.

Vanquished Creatures
  3 adders (D:2)
  2 worms (D:2)
  3 leopard geckos
  3 giant cockroaches
  A goblin (D:1)
  7 hobgoblins
  2 jackals (D:1)
  6 kobolds
  7 bats
  10 frilled lizards
  5 rats
49 creatures vanquished.

Vanquished Creatures (others)
  A spectral orc (D:3)
1 creature vanquished.

Grand Total: 50 creatures vanquished

Notes
Turn   | Place    | Note
-------+----------+-------------------------------------------
     0 | D:1      | Iflex the Merfolk Gladiator began the quest for the Orb.
     0 | D:1      | Reached XP level 1. HP: 16/16 MP: 1/1
    87 | D:1      | Reached XP level 2. HP: 23/23 MP: 2/2
   555 | D:1      | Reached XP level 3. HP: 19/28 MP: 3/3
   775 | D:2      | Reached skill level 5 in Polearms
   852 | D:2      | Found a blossoming altar of Fedhas.
  1018 | D:2      | Reached XP level 4. HP: 31/34 MP: 4/4
  1316 | D:3      | Found a deep blue altar of Sif Muna.
  1677 | D:3      | Noticed a centaur
  1695 | D:3      | Found a basalt altar of Yredelemnul.
  1715 | D:3      | Shot with an arrow by a centaur

Skill      XL: |  1  2  3 |
---------------+----------+-----
Polearms       | 5 |  5.7
Fighting       | |  2.8
Throwing       | |  2.0
Armour         | |  0.5
Dodging        | |  4.9
Stealth        | |  0.5

Action                   |  1- 3 |  4- 6 || total
-------------------------+-------+-------++-------
Melee: Trident           |   112 |    55 ||   167
Throw: Throwing net      |     3 |     2 ||     5
  Use: Potion            |     3 |     2 ||     5
       Scroll            |       |     2 ||     2
 Stab: Invisible         |     3 |       ||     3
       Sleeping          |     1 |     2 ||     3
       Held in net/web   |     1 |       ||     1
  Eat: Chunk             |       |     2 ||     2
Armor: Leather armour    |    33 |     7 ||    40
Dodge: Dodged            |    88 |    48 ||   136
